 Dungeon Crawl Stone Soup version 0.18-a0-952-g309898a (webtiles) character file.

59 Jmtri7 the Vexing (level 4, -1/33 HPs)
             Began as a Human Arcane Marksman on Jan 1, 2016.
             Slain by a kobold (2 damage)
             ... on level 2 of the Dungeon.
             The game lasted 00:08:01 (1354 turns).

Jmtri7 the Vexing (Human Arcane Marksman)           Turns: 1354, Time: 00:08:01

Health: -1/33      AC:  5    Str: 12    XL:     4   Next: 22%
Magic:  5/5        EV: 11    Int: 13    God:
Gold:   112        SH:  0    Dex: 13    Spells: 2 memorised, 1 level left

rFire  . . .     SeeInvis .     a - +0 shortbow
rCold  . . .     Gourm    .     g - +0 ring mail
rNeg   . . .     Faith    .     (shield currently unavailable)
rPois  .         Spirit   .     (no helmet)
rElec  .         Dismiss  .     (no cloak)
rCorr  .         Reflect  .     (no gloves)
SustAt .         Harm     .     (no boots)
MR     .....                    (no amulet)
Stlth  +.........               (no ring)
                                (no ring)

@: lethally poisoned (-1 -> -11), not resistant to hostile enchantments, very
unstealthy
A: no striking features
a: no special abilities


You were on level 2 of the Dungeon.
You were very hungry.

You visited 1 branch of the dungeon, and saw 2 of its levels.

You collected 112 gold pieces.

Inventory:

Hand Weapons
 a - a +0 shortbow (weapon)
 j - a +2 short sword of protection
 k - a +0 club
Missiles
 d - 8 arrows (quivered)
Armour
 g - a +0 ring mail (worn)
Scrolls
 e - a scroll of teleportation {unknown}
 h - 2 scrolls of identify {unknown}
 l - a scroll of magic mapping {unknown}
Potions
 b - 2 potions of agility {unknown}
 i - a potion of cancellation {unknown}
Books
 c - a book of Debilitation

   Spells                             Type                      Level
   a - Corona                         Hexes                        1
   b - Slow                           Hexes                        2
   c - Gell's Gravitas                Hexes/Translocation          3
   d - Inner Flame                    Hexes/Fire                   3
   e - Cause Fear                     Hexes                        4
   f - Leda's Liquefaction            Hexes/Earth                  4
Comestibles
 f - 3 bread rations


   Skills:
 + Level 1.9 Fighting
 + Level 2.6 Bows
 + Level 1.7 Armour
 - Level 2.0 Dodging
 - Level 1.0 Spellcasting
 + Level 3.4 Hexes


You had one spell level left.
You knew the following spells:

 Your Spells              Type           Power        Failure   Level  Hunger
a - Corona                Hex            #......      17%         1    ##.....
b - Inner Flame           Hex/Fire       #.......     91%         3    ####...


Dungeon Overview and Level Annotations

Branches:
Dungeon (2/15)

Altars:
Trog
The Shining One


Message History

You shoot an arrow. The arrow closely misses the adder.
* * * LOW HITPOINT WARNING * * *
You feel sick. The adder misses you. The kobold hits you.
* * * LOW HITPOINT WARNING * * *
Unknown command.
Firing (i - inventory):
d - 10 arrows (quivered)
Press: ? - help, Shift-Dir - straight line, f/p - adder
Aim: an adder (almost dead)
You shoot an arrow. The arrow closely misses the adder.
* * * LOW HITPOINT WARNING * * *
You feel sick. The adder bites you but does no damage. The kobold hits you.
* * * LOW HITPOINT WARNING * * *
The adder bites you but does no damage.
Firing (i - inventory):
d - 9 arrows (quivered)
Press: ? - help, Shift-Dir - straight line, f/p - adder
Aim: an adder (almost dead)
You shoot an arrow. The arrow closely misses the adder.
* * * LOW HITPOINT WARNING * * *
You feel sick. The adder bites you but does no damage. The kobold hits you.
You die...

....# ............#
.......##....?........#
...>...............(..#
...............##...##
...............##(.(#
#......$.......#(...#
##..........%........####
##...............S......<
''..............@K.......
##....###................#
##....# ....######......#
.'†...# .... ......#
##....# ### ###### #....#
######


You could see an adder and a kobold.

Vanquished Creatures
  An adder (D:2)
  An adder zombie (D:1)
  3 worms (D:2)
  3 giant geckos
  5 bats
  A giant cockroach (D:2)
  6 goblins
  4 hobgoblins
  3 kobolds
  A giant gecko zombie (D:1)
  3 giant newts (D:1)
  5 rats
36 creatures vanquished.

Notes
Turn   | Place    | Note
--------------------------------------------------------------
     0 | D:1      | Jmtri7 the Human Arcane Marksman began the quest for the Orb.
     0 | D:1      | Reached XP level 1. HP: 15/15 MP: 2/2
    99 | D:1      | Reached XP level 2. HP: 18/21 MP: 3/3
   129 | D:1      | Reached skill level 1 in Armour
   568 | D:1      | Reached XP level 3. HP: 26/26 MP: 4/4
   734 | D:2      | Found a bloodstained altar of Trog.
   734 | D:2      | Found a glowing golden altar of the Shining One.
   809 | D:2      | Learned a level 3 spell: Inner Flame
  1035 | D:2      | Reached XP level 4. HP: 18/33 MP: 5/5
  1354 | D:2      | HP: 1/33 [poisoned by an adder]
  1354 | D:2      | Slain by a kobold

Vault maps used:
D:1:      saegor_arrival_fortress, serial_bayou_crossing
D:2:      grunt_gozag_breadcrumbs, gammafunk_temple_overflow_pools

Action                   |  1- 3 |  4- 6 || total
-------------------------+-------+-------++-------
 Fire: Shortbow          |   112 |    24 ||   136
